2690 views
Uploaded 2019-12-13 21:45:57
Game version 1.32.0.4
17:07 long 3on3 ladder game on (6)RollingHills
Saved by BEARAND
2690 views
Uploaded 2019-12-13 21:45:57
Game version 1.32.0.4
17:07 long 3on3 ladder game on (6)RollingHills


67 units @ 10.7k
/ 1.4k
48 buildings @ 7.7k
/ 2.9k


| Rod of Necromancy | 1 | 150 |
| Orb of Corruption | 1 | 375 |
| Scroll of Town Portal | 1 | 350 |
| total: | 3 | 875g |
| Acolyte | 7 | 525 | / | 0 |
| Ghoul | 3 | 360 | / | 0 |
| Crypt Fiend | 5 | 1075 | / | 200 |
| Obsidian Statue | 1 | 200 | / | 35 |
| Meat Wagon | 2 | 460 | / | 100 |
| Frost Wyrm | 3 | 1155 | / | 360 |
| total: | 21 | 3775g | / | 695w |
| Graveyard | 1 | 215 | / | 0 |
| Crypt | 1 | 200 | / | 50 |
| Altar of Darkness | 2 | 360 | / | 100 |
| Ziggurat | 9 | 1350 | / | 450 |
| Tomb of Relics | 1 | 130 | / | 30 |
| Slaughterhouse | 1 | 140 | / | 135 |
| Sacrificial Pit | 1 | 75 | / | 150 |
| Boneyard | 2 | 350 | / | 400 |
| Halls of the Dead | 1 | 320 | / | 210 |
| Black Citadel | 1 | 325 | / | 230 |
| total: | 18 | 2820g | / | 1315w |
| 0:05 | Acolyte |
| 0:05 | Acolyte |
| 0:17 | Graveyard |
| 0:20 | Crypt |
| 0:44 | Altar of Darkness |
| 0:47 | Altar of Darkness |
| 0:58 | Ziggurat |
| 1:21 | Ghoul |
| 1:38 | Crypt Fiend |
| 1:53 | Tomb of Relics |
| 2:04 | Ziggurat |
| 2:23 | Crypt Fiend |
| 2:54 | Death Coil |
| 2:58 | Rod of Necromancy |
| 3:03 | Crypt Fiend |
| 3:53 | Crypt Fiend |
| 4:15 | Halls of the Dead |
| 4:16 | Ghoul |
| 4:29 | Ghoul |
| 4:40 | Ziggurat |
| 4:42 | Unholy Aura |
| 5:33 | Crypt Fiend |
| 6:13 | Death Coil |
| 6:41 | Black Citadel |
| 6:42 | Slaughterhouse |
| 6:46 | Burrow |
| 7:57 | Obsidian Statue |
| 8:04 | Ziggurat |
| 8:14 | Scroll of Town Portal |
| 8:29 | Frost Nova |
| 8:35 | Sacrificial Pit |
| 8:36 | Creature Attack |
| 8:50 | Web |
| 9:32 | Meat Wagon |
| 9:36 | Boneyard |
| 9:37 | Acolyte |
| 9:37 | Acolyte |
| 9:37 | Acolyte |
| 9:37 | Acolyte |
| 9:38 | Acolyte |
| 10:13 | Meat Wagon |
| 10:15 | Disease Cloud |
| 12:26 | Boneyard |
| 12:30 | Ziggurat |
| 12:30 | Ziggurat |
| 12:31 | Improved Creature Attack |
| 12:34 | Ziggurat |
| 12:34 | Ziggurat |
| 12:35 | Ziggurat |
| 13:47 | Orb of Corruption |
| 14:05 | Frost Wyrm |
| 14:05 | Frost Wyrm |
| 14:33 | Frost Wyrm |
| Right click | 1230 |
| Assign group | 770 |
| Select group | 583 |
| Select | 339 |
| Build/train/purchase | 124 |
| Misc. action | 22 |
| Use ability | 22 |
| Item give/drop | 3 |
| Esc | 1 |


| Healing Salve | 1 | 100 |
| Scroll of Protection | 1 | 150 |
| total: | 2 | 250g |
| Peon | 10 | 750 | / | 0 |
| Troll Headhunter | 5 | 700 | / | 100 |
| Grunt | 1 | 200 | / | 0 |
| Demolisher | 2 | 440 | / | 100 |
| Goblin Shredder | 1 | 375 | / | 100 |
| total: | 19 | 2465g | / | 300w |
| Watch Tower | 1 | 110 | / | 80 |
| Altar of Storms | 1 | 180 | / | 50 |
| Orc Burrow | 6 | 960 | / | 240 |
| Barracks | 2 | 360 | / | 100 |
| War Mill | 2 | 410 | / | 0 |
| Voodoo Lounge | 1 | 130 | / | 30 |
| Beastiary | 1 | 145 | / | 140 |
| Spirit Lodge | 1 | 150 | / | 150 |
| Stronghold | 1 | 315 | / | 190 |
| Fortress | 1 | 325 | / | 190 |
| total: | 15 | 2445g | / | 790w |
| 0:05 | Altar of Storms |
| 0:06 | Peon |
| 0:06 | Peon |
| 0:09 | Orc Burrow |
| 0:34 | Peon |
| 0:52 | Peon |
| 0:59 | Peon |
| 1:03 | Barracks |
| 1:29 | Peon |
| 1:38 | Orc Burrow |
| 1:47 | War Mill |
| 1:49 | Peon |
| 2:11 | Peon |
| 2:20 | Voodoo Lounge |
| 2:24 | Feral Spirit |
| 3:02 | Peon |
| 3:02 | Peon |
| 3:34 | Barracks |
| 3:35 | Troll Headhunter |
| 3:35 | Troll Headhunter |
| 4:22 | Spiked Barricades |
| 4:22 | Steel Ranged Weapons |
| 4:27 | War Mill |
| 4:31 | Pillage |
| 4:33 | Troll Headhunter |
| 4:47 | Watch Tower |
| 4:58 | Chain Lighting |
| 5:29 | Goblin Shredder |
| 5:50 | Orc Burrow |
| 5:55 | Orc Burrow |
| 6:00 | Steel Armor |
| 6:26 | Orc Burrow |
| 6:49 | Grunt |
| 7:00 | Healing Salve |
| 7:26 | Orc Burrow |
| 7:31 | Stronghold |
| 9:26 | Steel Melee Weapons |
| 9:30 | Troll Headhunter |
| 9:39 | Scroll of Protection |
| 10:04 | Demolisher |
| 10:08 | Troll Regeneration |
| 10:13 | Berserker Strength |
| 12:07 | Hex |
| 13:32 | Thorium Armor |
| 13:34 | Thorium Ranged Weapons |
| 14:15 | Beastiary |
| 14:19 | Spirit Lodge |
| 14:22 | Fortress |
| 14:26 | Reinforced Defenses |
| 14:29 | Demolisher |
| 14:31 | Troll Headhunter |
| Right click | 483 |
| Select | 138 |
| Build/train/purchase | 45 |
| Select group | 43 |
| Assign group | 26 |
| Use ability | 10 |
| Misc. action | 6 |
| Minimap ping | 3 |

| Peon | 8 | 600 | / | 0 |
| Grunt | 10 | 2000 | / | 0 |
| Demolisher | 3 | 660 | / | 150 |
| Tauren | 3 | 840 | / | 240 |
| Shaman | 3 | 390 | / | 60 |
| total: | 27 | 4490g | / | 450w |
| Altar of Storms | 1 | 180 | / | 50 |
| Orc Burrow | 9 | 1440 | / | 360 |
| Barracks | 2 | 360 | / | 100 |
| War Mill | 1 | 205 | / | 0 |
| Spirit Lodge | 1 | 150 | / | 150 |
| Tauren Totem | 1 | 135 | / | 155 |
| Stronghold | 1 | 315 | / | 190 |
| Fortress | 1 | 325 | / | 190 |
| total: | 15 | 2470g | / | 815w |
| 0:07 | Altar of Storms |
| 0:10 | Orc Burrow |
| 0:12 | Peon |
| 0:12 | Peon |
| 0:12 | Peon |
| 0:28 | Peon |
| 0:31 | Peon |
| 0:47 | Peon |
| 1:01 | Barracks |
| 1:16 | Peon |
| 1:29 | War Mill |
| 1:35 | Peon |
| 1:52 | Orc Burrow |
| 2:12 | Grunt |
| 2:30 | War Stomp |
| 2:40 | Steel Melee Weapons |
| 2:46 | Grunt |
| 3:02 | Orc Burrow |
| 3:18 | Grunt |
| 3:33 | Steel Armor |
| 3:53 | Grunt |
| 4:22 | Grunt |
| 4:36 | Grunt |
| 5:02 | Endurance Aura |
| 5:09 | Stronghold |
| 5:57 | Grunt |
| 6:02 | Orc Burrow |
| 6:20 | Grunt |
| 6:31 | Orc Burrow |
| 6:52 | Grunt |
| 7:09 | Orc Burrow |
| 7:14 | Grunt |
| 7:32 | Spirit Lodge |
| 8:21 | Demolisher |
| 8:22 | Berserker Strength |
| 8:25 | Fortress |
| 9:24 | Thorium Melee Weapons |
| 9:28 | Barracks |
| 9:32 | Tauren Totem |
| 9:33 | Shaman Adept Training |
| 9:41 | Demolisher |
| 10:36 | Demolisher |
| 11:52 | Shaman Master Training |
| 11:55 | Tauren |
| 11:59 | Shaman |
| 11:59 | Shaman |
| 13:14 | Tauren |
| 13:54 | Burning Oil |
| 13:56 | Shaman |
| 13:57 | Tauren |
| 14:01 | Thorium Armor |
| 14:03 | Orc Burrow |
| 14:05 | Orc Burrow |
| 14:45 | Orc Burrow |
| Right click | 496 |
| Select | 269 |
| Chat | 79 |
| Build/train/purchase | 51 |
| Misc. action | 37 |
47 units @ 3.7k
/ 0.1k
135 buildings @ 8.7k
/ 4.6k
IcebergSlim
(17:05) : 


| Lesser Clarity Potion | 2 | 140 |
| Healing Salve | 2 | 200 |
| Orb of Lightning | 1 | 375 |
| Boots of Speed | 3 | 750 |
| Staff of Teleportation | 1 | 150 |
| Staff of Sanctuary | 2 | 500 |
| total: | 11 | 2115g |
| Peon | 13 | 975 | / | 0 |
| Troll Batrider | 1 | 160 | / | 40 |
| total: | 14 | 1135g | / | 40w |
| Watch Tower | 9 | 990 | / | 720 |
| Altar of Storms | 1 | 180 | / | 50 |
| Orc Burrow | 4 | 640 | / | 160 |
| War Mill | 1 | 205 | / | 0 |
| Voodoo Lounge | 3 | 390 | / | 90 |
| Beastiary | 2 | 290 | / | 280 |
| Stronghold | 1 | 315 | / | 190 |
| Fortress | 1 | 325 | / | 190 |
| total: | 20 | 2695g | / | 1300w |
| 0:02 | Peon |
| 0:02 | Peon |
| 0:06 | Altar of Storms |
| 0:19 | Orc Burrow |
| 0:26 | Peon |
| 0:36 | War Mill |
| 0:46 | Peon |
| 0:55 | Peon |
| 1:12 | Voodoo Lounge |
| 1:29 | Peon |
| 1:34 | Orc Burrow |
| 1:45 | Peon |
| 1:49 | Peon |
| 2:02 | Watch Tower |
| 2:11 | Peon |
| 2:23 | Lesser Clarity Potion |
| 2:25 | Healing Salve |
| 2:28 | Shockwave |
| 2:31 | Peon |
| 2:40 | Peon |
| 2:51 | Watch Tower |
| 3:07 | Voodoo Lounge |
| 3:22 | Peon |
| 3:23 | Peon |
| 3:58 | Stronghold |
| 4:14 | Voodoo Lounge |
| 4:49 | Boots of Speed |
| 4:49 | Staff of Teleportation |
| 5:19 | Watch Tower |
| 5:44 | Watch Tower |
| 6:33 | Watch Tower |
| 6:52 | Watch Tower |
| 7:16 | Hex |
| 7:54 | Endurance Aura |
| 8:07 | Spiked Barricades |
| 8:08 | Reinforced Defenses |
| 8:12 | Watch Tower |
| 9:09 | Fortress |
| 9:18 | Watch Tower |
| 9:21 | Boots of Speed |
| 11:39 | Watch Tower |
| 11:48 | Lesser Clarity Potion |
| 11:50 | Healing Salve |
| 11:54 | Orb of Lightning |
| 12:24 | Orc Burrow |
| 13:23 | Rain of Fire |
| 13:30 | Boots of Speed |
| 14:03 | Staff of Sanctuary |
| 14:11 | Staff of Sanctuary |
| 14:42 | Beastiary |
| 14:44 | Beastiary |
| 14:50 | Orc Burrow |
| 16:45 | Troll Batrider |
| 16:49 | Liquid Fire |
| 16:54 | Healing Wave |
| Right click | 1306 |
| Select group | 254 |
| Select | 226 |
| Misc. action | 67 |
| Build/train/purchase | 42 |
| Use ability | 38 |
| Resource trade | 17 |
| Assign group | 3 |
| Remove unit | 1 |



x1)
| Staff of Sanctuary | 3 | 750 |
| Orb of Fire | 1 | 325 |
| Boots of Speed | 4 | 1000 |
| Staff of Teleportation | 4 | 600 |
| Circlet of Nobility | 2 | 350 |
| Periapt of Vitality | 2 | 650 |
| Tome of Retraining | 1 | 300 |
| Orb of Lightning | 1 | 375 |
| total: | 18 | 4350g |
| Peasant | 18 | 1350 | / | 0 |
| Priest | 1 | 135 | / | 10 |
| total: | 19 | 1485g | / | 10w |
| Scout Tower | 48 | 1440 | / | 960 |
| Arcane Tower | 4 | 280 | / | 200 |
| Guard Tower | 17 | 1190 | / | 850 |
| Altar of Kings | 1 | 180 | / | 50 |
| Farm | 3 | 240 | / | 60 |
| Lumber Mill | 1 | 120 | / | 0 |
| Town Hall | 1 | 385 | / | 205 |
| Arcane Vault | 3 | 390 | / | 90 |
| Blacksmith | 1 | 140 | / | 60 |
| Barracks | 1 | 160 | / | 60 |
| Arcane Sanctum | 1 | 150 | / | 140 |
| Gryphon Aviary | 1 | 140 | / | 150 |
| Keep | 2 | 640 | / | 420 |
| Castle | 1 | 360 | / | 210 |
| total: | 61 | 3345g | / | 1775w |
| 0:04 | Peasant |
| 0:04 | Peasant |
| 0:08 | Altar of Kings |
| 0:23 | Farm |
| 0:29 | Peasant |
| 0:35 | Lumber Mill |
| 0:41 | Peasant |
| 0:53 | Peasant |
| 1:02 | Peasant |
| 1:13 | Peasant |
| 1:19 | Peasant |
| 1:37 | Peasant |
| 1:37 | Peasant |
| 1:40 | Farm |
| 1:58 | Scout Tower |
| 1:59 | Scout Tower |
| 2:00 | Peasant |
| 2:07 | Summon Water Elemental |
| 2:20 | Scout Tower |
| 2:22 | Scout Tower |
| 2:23 | Arcane Tower |
| 2:24 | Arcane Tower |
| 2:28 | Peasant |
| 2:37 | Peasant |
| 2:37 | Peasant |
| 2:53 | Scout Tower |
| 2:54 | Scout Tower |
| 2:55 | Guard Tower |
| 3:32 | Guard Tower |
| 4:07 | Keep |
| 4:12 | Scout Tower |
| 4:15 | Scout Tower |
| 4:17 | Scout Tower |
| 4:41 | Guard Tower |
| 4:47 | Guard Tower |
| 4:53 | Scout Tower |
| 4:54 | Scout Tower |
| 5:32 | Guard Tower |
| 5:34 | Scout Tower |
| 5:37 | Scout Tower |
| 5:59 | Town Hall |
| 6:13 | Guard Tower |
| 6:15 | Scout Tower |
| 6:16 | Scout Tower |
| 6:17 | Scout Tower |
| 6:18 | Scout Tower |
| 6:19 | Scout Tower |
| 6:24 | Improved Masonry |
| 6:35 | Boots of Speed |
| 6:53 | Staff of Teleportation |
| 7:29 | Castle |
| 7:53 | Brilliance Aura |
| 8:00 | Guard Tower |
| 8:03 | Arcane Sanctum |
| 8:15 | Peasant |
| 8:15 | Peasant |
| 8:18 | Improved Lumber Harvesting |
| 8:33 | Scout Tower |
| 8:33 | Scout Tower |
| 8:36 | Scout Tower |
| 8:38 | Scout Tower |
| 8:44 | Storm Bolt |
| 8:47 | Peasant |
| 8:47 | Peasant |
| 8:49 | Farm |
| 9:01 | Advanced Masonry |
| 9:05 | Guard Tower |
| 9:13 | Boots of Speed |
| 9:14 | Staff of Teleportation |
| 9:16 | Circlet of Nobility |
| 9:17 | Periapt of Vitality |
| 9:26 | Magic Sentry |
| 9:36 | Arcane Vault |
| 9:37 | Arcane Vault |
| 9:38 | Arcane Vault |
| 10:04 | Guard Tower |
| 10:09 | Guard Tower |
| 10:54 | Holy Light |
| 11:32 | Priest |
| 11:32 | Priest Adept Training |
| 11:36 | Scout Tower |
| 11:37 | Scout Tower |
| 11:46 | Staff of Teleportation |
| 11:46 | Boots of Speed |
| 11:48 | Periapt of Vitality |
| 11:48 | Circlet of Nobility |
| 11:55 | Staff of Sanctuary |
| 11:57 | Orb of Fire |
| 12:00 | Staff of Sanctuary |
| 12:07 | Guard Tower |
| 12:28 | Scout Tower |
| 12:29 | Scout Tower |
| 12:29 | Scout Tower |
| 12:30 | Scout Tower |
| 12:30 | Scout Tower |
| 12:31 | Guard Tower |
| 12:33 | Scout Tower |
| 12:34 | Scout Tower |
| 12:34 | Scout Tower |
| 12:35 | Scout Tower |
| 12:40 | Imbued Masonry |
| 12:42 | Scout Tower |
| 12:42 | Scout Tower |
| 12:43 | Scout Tower |
| 12:43 | Scout Tower |
| 13:26 | Scout Tower |
| 13:27 | Scout Tower |
| 13:29 | Scout Tower |
| 13:30 | Scout Tower |
| 13:34 | Staff of Sanctuary |
| 13:38 | Orb of Lightning |
| 13:52 | Guard Tower |
| 13:56 | Guard Tower |
| 14:00 | Tome of Retraining |
| 14:00 | Retrain Hero |
| 14:02 | Blizzard |
| 14:03 | Brilliance Aura |
| 14:05 | Staff of Teleportation |
| 14:20 | Blacksmith |
| 14:23 | Barracks |
| 14:25 | Gryphon Aviary |
| 14:45 | Boots of Speed |
| 14:50 | Priest Master Training |
| 15:04 | Guard Tower |
| 15:10 | Guard Tower |
| 16:55 | Scout Tower |
| 16:56 | Scout Tower |
| 16:57 | Scout Tower |
| 16:58 | Scout Tower |
| 16:58 | Scout Tower |
| 16:59 | Scout Tower |
| 17:00 | Scout Tower |
| Right click | 1176 |
| Select group | 683 |
| Select | 208 |
| Build/train/purchase | 102 |
| Use ability | 39 |
| Misc. action | 38 |
| Minimap ping | 22 |
| Chat | 12 |
| Assign group | 7 |
| Resource trade | 5 |
| Item give/drop | 4 |



x1)
| Staff of Sanctuary | 2 | 500 |
| Boots of Speed | 2 | 500 |
| Staff of Teleportation | 1 | 150 |
| Tome of Retraining | 2 | 600 |
| Periapt of Vitality | 1 | 325 |
| Healing Salve | 2 | 200 |
| Orb of Lightning | 1 | 375 |
| total: | 11 | 2650g |
| Peasant | 14 | 1050 | / | 0 |
| total: | 14 | 1050g | / | 0w |
| Scout Tower | 42 | 1260 | / | 840 |
| Arcane Tower | 1 | 70 | / | 50 |
| Guard Tower | 26 | 1820 | / | 1300 |
| Altar of Kings | 1 | 180 | / | 50 |
| Farm | 4 | 320 | / | 80 |
| Lumber Mill | 1 | 120 | / | 0 |
| Arcane Vault | 3 | 390 | / | 90 |
| Gryphon Aviary | 2 | 280 | / | 300 |
| Arcane Sanctum | 1 | 150 | / | 140 |
| Keep | 1 | 320 | / | 210 |
| Castle | 2 | 720 | / | 420 |
| total: | 54 | 2700g | / | 1500w |
| 0:02 | Peasant |
| 0:02 | Peasant |
| 0:12 | Altar of Kings |
| 0:19 | Farm |
| 0:21 | Peasant |
| 0:27 | Peasant |
| 0:49 | Farm |
| 1:11 | Peasant |
| 1:12 | Peasant |
| 1:33 | Peasant |
| 1:37 | Peasant |
| 1:43 | Lumber Mill |
| 1:44 | Peasant |
| 1:55 | Peasant |
| 2:19 | Summon Water Elemental |
| 2:22 | Scout Tower |
| 2:24 | Scout Tower |
| 2:36 | Peasant |
| 2:37 | Peasant |
| 2:46 | Scout Tower |
| 2:47 | Scout Tower |
| 2:51 | Arcane Tower |
| 2:53 | Guard Tower |
| 3:09 | Scout Tower |
| 3:11 | Peasant |
| 3:11 | Peasant |
| 3:17 | Guard Tower |
| 3:19 | Scout Tower |
| 3:21 | Scout Tower |
| 3:22 | Guard Tower |
| 3:37 | Guard Tower |
| 3:38 | Scout Tower |
| 3:55 | Guard Tower |
| 3:57 | Scout Tower |
| 3:57 | Scout Tower |
| 4:11 | Guard Tower |
| 4:12 | Scout Tower |
| 4:12 | Scout Tower |
| 4:15 | Scout Tower |
| 4:16 | Scout Tower |
| 4:21 | Boots of Speed |
| 4:22 | Staff of Teleportation |
| 4:32 | Guard Tower |
| 4:35 | Scout Tower |
| 4:35 | Scout Tower |
| 4:50 | Scout Tower |
| 4:51 | Scout Tower |
| 4:56 | Guard Tower |
| 5:53 | Guard Tower |
| 5:55 | Scout Tower |
| 5:55 | Scout Tower |
| 5:58 | Guard Tower |
| 6:12 | Keep |
| 6:14 | Healing Salve |
| 6:28 | Farm |
| 6:31 | Scout Tower |
| 6:32 | Scout Tower |
| 6:33 | Scout Tower |
| 6:34 | Scout Tower |
| 6:50 | Scout Tower |
| 6:51 | Scout Tower |
| 6:53 | Scout Tower |
| 6:53 | Guard Tower |
| 6:57 | Scout Tower |
| 6:58 | Scout Tower |
| 7:16 | Guard Tower |
| 7:18 | Improved Masonry |
| 7:18 | Advanced Masonry |
| 8:05 | Guard Tower |
| 8:09 | Scout Tower |
| 8:10 | Scout Tower |
| 8:20 | Guard Tower |
| 8:41 | Guard Tower |
| 8:47 | Scout Tower |
| 8:47 | Scout Tower |
| 8:48 | Scout Tower |
| 8:48 | Scout Tower |
| 8:49 | Scout Tower |
| 8:49 | Scout Tower |
| 8:51 | Scout Tower |
| 8:51 | Scout Tower |
| 8:51 | Scout Tower |
| 8:52 | Scout Tower |
| 9:11 | Farm |
| 9:12 | Guard Tower |
| 10:01 | Guard Tower |
| 10:07 | Tome of Retraining |
| 10:07 | Tome of Retraining |
| 10:07 | Retrain Hero |
| 10:09 | Blizzard |
| 10:13 | Scout Tower |
| 10:34 | Guard Tower |
| 10:49 | Guard Tower |
| 10:52 | Guard Tower |
| 10:59 | Castle |
| 11:01 | Storm Bolt |
| 11:15 | Healing Salve |
| 11:34 | Guard Tower |
| 11:59 | Imbued Masonry |
| 12:00 | Improved Lumber Harvesting |
| 12:00 | Advanced Lumber Harvesting |
| 12:07 | Gryphon Aviary |
| 12:08 | Arcane Vault |
| 13:27 | Staff of Sanctuary |
| 13:53 | Arcane Vault |
| 13:59 | Arcane Vault |
| 14:11 | Orb of Lightning |
| 14:22 | Gryphon Aviary |
| 14:45 | Holy Light |
| 15:17 | Boots of Speed |
| 15:18 | Periapt of Vitality |
| 15:44 | Staff of Sanctuary |
| 16:38 | Arcane Sanctum |
| Right click | 1537 |
| Select | 323 |
| Build/train/purchase | 117 |
| Select group | 105 |
| Chat | 96 |
| Use ability | 29 |
| Assign group | 12 |
| Minimap ping | 6 |
| Item give/drop | 1 |
⇛